Description

In this tutorial about starcraft 2, I explain you how to make a clean comeback after a failed cannon rush in Protoss vs Protoss.

Notes:

  • Add the gateway as soon as you see that he did a perfect defense
  • Add as much shield battery as possible
  • If you can kill an overcharged shield battery, do it first!
  • Try to focus critical unit first after this: Void are the most important to kill: You want the unit advantage

VOD

https://youtu.be/FLI1oAk-TMM

Replay - OsiRis v zuka - Ever Dream LE

Build Order

Get SALT Encoding   

  12  0:01  Probe  
  13  0:13  Probe (Chrono Boost)  
  14  0:18  Pylon  
  14  0:25  Probe (Chrono Boost)  
  15  0:35  Probe (Chrono Boost)  
  15  0:39  Forge  
  16  0:57  Pylon x2  
  16  1:05  Pylon  
  16  1:07  Probe  
  16  1:19  Photon Cannon  
  16  1:24  Pylon  
  16  1:29  Probe  
  17  1:40  Gateway  
  17  1:42  Photon Cannon  
  17  1:53  Photon Cannon  
  17  2:08  Probe (Chrono Boost)  
  18  2:11  Assimilator x2  
  18  2:17  Probe x2 (Chrono Boost)  
  18  2:28  Cybernetics Core  
  19  2:34  Probe (Chrono Boost)  
  21  2:50  Photon Cannon  
  23  3:07  Stargate  
  23  3:11  Shield Battery x2  
  23  3:26  Shield Battery x2  
  23  3:32  Photon Cannon  
  23  3:43  Void Ray (Chrono Boost)  
  27  4:02  Shield Battery x3  
  31  4:38  Shield Battery  
Spawning Tool Build Advisor. Get it on Overwolf

Go to:

Details

  • Created by: zuka      
  • Published on: Sep 07, 2020
  • Modified on: Sep 07, 2020
  • Patch: 4.11.0
  • Difficulty: Easy
Show
View Real Time Build Order
Export as new Build Order

Comments (0)

There are no comments. Be the first!

Create an account to comment!